 Dungeon Crawl Stone Soup version 0.21.1-1-g345015f (webtiles) character file.

34919 JeffiDaFish the Thaumaturge (level 13, -3/107 HPs)
             Began as a Green Draconian Fire Elementalist on Mar 2, 2018.
             Was an Elder of Vehumet.
             Slain by a death yak (26 damage)
             ... on level 5 of the Lair of Beasts.
             The game lasted 01:01:29 (21978 turns).

JeffiDaFish the Thaumaturge (DrFE)                 Turns: 21978, Time: 01:01:31

Health: -3/107     AC: 11    Str: 10    XL:     13   Next: 44%
Magic:  21/28      EV: 16    Int: 20    God:    Vehumet [****..]
Gold:   490        SH:  3    Dex: 13    Spells: 10/35 levels left

rFire    . . .     SeeInvis .   g - +3 spear (flame)
rCold    . . .     Gourm    .   (no shield)
rNeg     . . .     Faith    .   (armour unavailable)
rPois    +         Spirit   .   (helmet restricted)
rElec    .         Reflect  +   o - +1 cloak
rCorr    .         Harm     .   j - +0 pair of gloves
MR       .....                  (no boots)
Stlth    ++........             f - +3 amulet of reflection
HPRegen  0.27/turn              (no ring)
MPRegen  0.21/turn              (no ring)

@: flying
A: breathe noxious fumes, unfitting armour, big wings, stinger 1, poison
resistance, cold-blooded, AC +8
a: Breathe Noxious Fumes, Stop Flying, Renounce Religion


You were on level 5 of the Lair of Beasts.
You worshipped Vehumet.
Vehumet was greatly pleased with you.
You were hungry.

You visited 3 branches of the dungeon, and saw 15 of its levels.

You collected 812 gold pieces.
You spent 322 gold pieces at shops.

Inventory:

Hand Weapons
 g - a +3 spear of flaming (weapon)
Armour
 j - a +0 pair of gloves (worn)
 o - a +1 cloak (worn)
Jewellery
 f - a +3 amulet of reflection (around neck)
 n - an uncursed amulet of the gourmand
 y - an uncursed amulet of regeneration
Wands
 h - a wand of flame (23)
 p - a wand of iceblast (5)
 q - a wand of acid (24)
 u - a wand of polymorph (13)
Scrolls
 c - a scroll of blinking
 e - 5 scrolls of identify
 i - 10 scrolls of remove curse
 k - 4 scrolls of amnesia
 l - a scroll of fog
 r - 6 scrolls of teleportation
 s - a scroll of fear
Potions
 d - a potion of ambrosia
 v - 4 potions of brilliance
 z - a potion of curing
 A - 2 potions of magic
 B - a potion of heal wounds
 D - a potion of agility
Books
 a - a book of Flames

   Spells                             Type                      Level
   a - Flame Tongue                   Conjuration/Fire             1
   b - Throw Flame                    Conjuration/Fire             2
   c - Conjure Flame                  Conjuration/Fire             3
   d - Inner Flame                    Hexes/Fire                   3
   e - Sticky Flame                   Conjuration/Fire             4
   f - Fireball                       Conjuration/Fire             5
 m - a book of Minor Magic

   Spells                             Type                      Level
   a - Magic Dart                     Conjuration                  1
   b - Blink                          Translocation                2
   c - Call Imp                       Summoning                    2
   d - Slow                           Hexes                        2
   e - Conjure Flame                  Conjuration/Fire             3
   f - Mephitic Cloud                 Conjuration/Poison/Air       3
 w - a book of Callings

   Spells                             Type                      Level
   a - Summon Small Mammal            Summoning                    1
   b - Call Imp                       Summoning                    2
   c - Call Canine Familiar           Summoning                    3
   d - Summon Guardian Golem          Hexes/Summoning              3
   e - Summon Lightning Spire         Summoning/Air                4
   f - Summon Ice Beast               Ice/Summoning                4
 x - the Incunabulum of Excruciating Talismans
   (You acquired it on level 4 of the Lair of Beasts)

   Spells                             Type                      Level
   a - Infusion                       Charms                       1
   b - Shock                          Conjuration/Air              1
   c - Sting                          Conjuration/Poison           1
   d - Searing Ray                    Conjuration                  2
   e - Conjure Flame                  Conjuration/Fire             3
   f - Lightning Bolt                 Conjuration/Air              5
   g - Ring of Flames                 Charms/Fire                  7
 C - a book of Cantrips

   Spells                             Type                      Level
   a - Confusing Touch                Hexes                        1
   b - Animate Skeleton               Necromancy                   1
   c - Summon Small Mammal            Summoning                    1
   d - Apportation                    Translocation                1
Miscellaneous
 t - a phantom mirror
Comestibles
 b - 13 rations


   Skills:
 + Level 8.2 Fighting
 - Level 5.3 Polearms
 * Level 6.9 Dodging
 - Level 2.0 Stealth
 - Level 0.1 Unarmed Combat
 * Level 11.7 Spellcasting
 * Level 11.6 Conjurations
 + Level 10.9 Fire Magic
 - Level 2.1 Poison Magic


You had 10 spell levels left.
You knew the following spells:

 Your Spells              Type           Power        Failure   Level  Hunger
a - Flame Tongue          Conj/Fire      #####        1%          1    None
b - Conjure Flame         Conj/Fire      ######..     1%          3    None
c - Sticky Flame          Conj/Fire      ######..     1%          4    #......
d - Mephitic Cloud        Conj/Pois/Air  ####....     1%          3    None
e - Fireball              Conj/Fire      ######....   1%          5    ####...
f - Blink                 Tloc           N/A          9%          2    None
g - Ring of Flames        Chrm/Fire      ####......   99%         7    #######


Dungeon Overview and Level Annotations

Branches:
Dungeon (8/15)             Temple (1/1) D:5            Lair (6/6) D:8
  Swamp (0/4) Lair:2       Spider (0/4) Lair:3        Slime (0/5) Lair:6

Altars:
Ashenzari
Cheibriados
Dithmenos
Elyvilon
Fedhas
Gozag
Hepliaklqana
Kikubaaqudgha
Makhleb
Nemelex Xobeh
Okawaru
Qazlal
Ru
Sif Muna
Trog
Uskayaw
Vehumet
Wu Jian
Xom
Yredelemnul
Zin
The Shining One
Jiyva

Shops:
D:4 ?   D:5 *


Innate Abilities, Weirdness & Mutations

You can breathe blasts of noxious fumes.
Your lurid green scales are hard. (AC +8)
You cannot fit into any form of body armour.
Your system is resistant to poisons. (rPois)
You are cold-blooded and may be slowed by cold attacks.
Your large and strong wings let you fly indefinitely.
Your tail ends in a poisonous barb.


Message History

Press: ? - help, Shift-Dir - straight line, f/p - death yak
Aim: a death yak The ball explodes into a vile cloud!
The stinking cloud engulfs the death yak.
The stinking cloud engulfs you!
The death yak is engulfed in noxious fumes.
The death yak gores you!!
* * * LOW HITPOINT WARNING * * *
Casting: Mephitic Cloud
Confirm with . or Enter, or press ? or * to list all spells.
Aiming: Sticky Flame
Press: ? - help, Shift-Dir - straight line, f/p - death yak
Aim: a death yak (noxious fumes, lightly wounded)
The sticky flame hits the death yak.
The death yak is lightly wounded.
The death yak is covered in liquid flames!
The death yak burns!
The death yak is engulfed in noxious fumes.
The death yak gores you!!
You die...

#### #### ### ### ###.P###
#####..#####.# #####.##
P.P.##.####PP#.#...##..###.#.#..P
...P.............................
#......................./>.......
.#..#..#.....P..................#
.....####..#.###@§###P...........
##...###...####.Y###....#P.......
##..###.#+PP####§##.............#
#...# ##....P##P.#..............#
#...# #P.....##..................
....# ###...####..#..............
P...#######.####..#.#.#..........
.....#P#######.#.....#..........#
.....#..##..#....................


You could see a death yak (burning).

Vanquished Creatures
  4 hydras
  A two-headed ogre (D:8)
  3 death yaks (Lair:5)
  2 alligators (Lair:4)
  A fire crab (Lair:4)
  A swamp dragon (Lair:4)
  The ghost of BigBluFrog the Transmogrifier, a novice OpTm of Wu Jian (D:7)
  A wolf spider (Lair:3)
  15 spiny frogs
  7 black mambas
  6 elephants
  2 torpor snails
  2 rime drakes
  4 komodo dragons
  A jumping spider (Lair:3)
  A hornet (Lair:4)
  5 blink frogs (Lair:1)
  7 hippogriffs
  2 dream sheep (Lair:5)
  4 wyverns
  A human (D:7)
  A hungry ghost (D:7)
  2 basilisks (Lair:3)
  23 yaks
  4 hogs (D:7)
  2 vampire mosquitoes (Lair:4)
  10 swamp worms
  Duvessa (D:6)
  9 porcupines
  11 water moccasins
  A swamp drake (D:8)
  3 phantoms (D:6)
  2 orc warriors (D:8)
  A sky beast (D:8)
  3 black bears
  2 ice beasts
  A necrophage (D:6)
  3 ogres
  2 centaurs
  9 crocodiles
  9 wolves
  2 big kobolds
  11 bullfrogs
  Dowan (D:6)
  2 scorpions (D:7)
  7 wights (D:7)
  2 electric eels (Lair:2)
  A crimson imp (D:7)
  4 bullfrog zombies
  2 jellies (D:7)
  Crazy Yiuf (D:7)
  A centaur skeleton (D:6)
  2 bullfrog skeletons (D:5)
  An orc priest (D:8)
  5 hounds
  2 orc wizards (D:8)
  5 worker ants
  3 iguanas
  A worker ant zombie (D:5)
  4 gnolls
  7 adders
  A shadow imp (D:7)
  2 oozes
  An adder zombie (D:8)
  3 worms
  5 dart slugs
  A leopard gecko (D:2)
  19 orcs
  16 giant cockroaches
  10 goblins
  6 hobgoblins
  2 jackals (D:5)
  A quokka (D:4)
  A ball python (D:1)
  12 bats
  3 frilled lizards
  A jackal skeleton (D:6)
  13 kobolds
  2 leopard gecko skeletons
  A quokka skeleton (D:5)
  9 rats
  A spectral orc (D:4)
  A bush (Lair:6)
  A plant (Lair:4)
346 creatures vanquished.

Vanquished Creatures (others)
  3 death yaks (Lair:6)
  16 fungi
  9 plants
28 creatures vanquished.

Grand Total: 374 creatures vanquished

Notes
Turn   | Place    | Note
-------+----------+-------------------------------------------
     0 | D:1      | JeffiDaFish the Draconian Fire Elementalist began the quest for the Orb.
     0 | D:1      | Reached XP level 1. HP: 14/14 MP: 3/3
   159 | D:1      | Reached XP level 2. HP: 13/20 MP: 1/5
   679 | D:1      | Reached XP level 3. HP: 22/26 MP: 6/6
   972 | D:2      | Learned a level 3 spell: Conjure Flame
  1019 | D:2      | Found a shadowy altar of Dithmenos.
  1233 | D:2      | Reached XP level 4. HP: 31/33 MP: 7/7
  2412 | D:3      | Reached XP level 5. HP: 36/38 MP: 2/9
  2486 | D:3      | Learned a level 4 spell: Sticky Flame
  3298 | D:4      | Noticed an ogre
  3304 | D:4      | Killed an ogre
  3304 | D:4      | Reached skill level 5 in Fire Magic
  3304 | D:4      | Reached XP level 6. HP: 27/45 MP: 4/11
  3714 | D:4      | Found Eklotanym's Magic Scroll Boutique.
  3722 | D:4      | Bought a scroll of teleportation for 42 gold pieces
  3735 | D:4      | Found a basalt altar of Yredelemnul.
  3963 | D:5      | Entered Level 5 of the Dungeon
  3997 | D:5      | Gained mutation: Potions are less effective at restoring your health. [potion of mutation]
  3997 | D:5      | Lost mutation: Potions are less effective at restoring your health. [potion of mutation]
  3997 | D:5      | Gained mutation: Your tail ends in a poisonous barb. [potion of mutation]
  3997 | D:5      | Gained mutation: Your large and strong wings let you fly indefinitely. [potion of mutation]
  4491 | D:5      | Found a staircase to the Ecumenical Temple.
  4499 | Temple   | Entered the Ecumenical Temple
  4554 | Temple   | Became a worshipper of Vehumet
  4620 | D:5      | Learned a level 3 spell: Mephitic Cloud
  4630 | D:5      | Noticed an ice beast
  4637 | D:5      | Killed an ice beast
  4637 | D:5      | Your scales start taking on a lurid green colour.
  4637 | D:5      | Reached XP level 7. HP: 31/50 MP: 6/13
  4637 | D:5      | Gained mutation: Your system is resistant to poisons. (rPois) [Green Draconian growth]
  5188 | D:5      | Found Pec Gangi's General Store.
  5222 | D:5      | Reached skill level 5 in Spellcasting
  5710 | D:6      | Reached XP level 8. HP: 41/57 MP: 8/16
  6104 | D:4      | Bought a scroll of brand weapon for 280 gold pieces
  6213 | D:6      | Learned a level 5 spell: Fireball
  6265 | D:6      | Noticed Duvessa
  6271 | D:6      | Noticed Dowan
  6275 | D:6      | Killed Duvessa
  6278 | D:6      | Killed Dowan
  6384 | D:6      | Reached * piety under Vehumet
  6384 | D:6      | Offered knowledge of Freeze by Vehumet.
  6864 | D:7      | Reached skill level 5 in Conjurations
  6980 | D:7      | Reached XP level 9. HP: 46/62 MP: 16/19
  7005 | D:7      | Reached skill level 1 in Polearms
  7015 | D:7      | Found a runed door.
  7019 | D:7      | Noticed Crazy Yiuf
  7031 | D:7      | Killed Crazy Yiuf
  7031 | D:7      | Reached skill level 1 in Fighting
  7254 | D:7      | Reached ** piety under Vehumet
  7254 | D:7      | Offered knowledge of Searing Ray by Vehumet.
  7415 | D:7      | Noticed BigBluFrog's ghost (novice OpTm)
  7476 | D:7      | Killed BigBluFrog's ghost
  7738 | D:7      | Learned a level 2 spell: Blink
  8376 | D:7      | Found an ornate altar of the Wu Jian Council.
  8376 | D:7      | Found a glowing golden altar of the Shining One.
  8381 | D:7      | Found an ancient bone altar of Kikubaaqudgha.
  8383 | D:7      | Found a stormy altar of Qazlal.
  8385 | D:7      | Found a snail-covered altar of Cheibriados.
  8610 | D:8      | Reached XP level 10. HP: 77/77 MP: 15/22
  8627 | D:8      | Found a shattered altar of Ashenzari.
  9069 | D:8      | Noticed a two-headed ogre
  9084 | D:8      | Killed a two-headed ogre
  9088 | D:8      | Offered knowledge of Dazzling Spray by Vehumet.
  9270 | D:8      | Found a staircase to the Lair.
  9770 | Lair:1   | Entered Level 1 of the Lair of Beasts
  9770 | Lair:1   | Noticed a spiny frog
  9776 | Lair:1   | Killed a spiny frog
  9895 | Lair:1   | Noticed a spiny frog
  9905 | Lair:1   | Killed a spiny frog
 10225 | Lair:1   | Noticed a spiny frog
 10234 | Lair:1   | Killed a spiny frog
 10331 | Lair:1   | Reached skill level 5 in Fighting
 10428 | Lair:1   | Reached *** piety under Vehumet
 10428 | Lair:1   | Reached XP level 11. HP: 38/86 MP: 4/24
 12090 | Lair:2   | Reached skill level 5 in Polearms
 12408 | Lair:2   | Reached skill level 1 in Poison Magic
 12656 | Lair:2   | Offered knowledge of Static Discharge by Vehumet.
 12665 | Lair:2   | Noticed a six-headed hydra
 12676 | Lair:2   | HP: 4/89 [six-headed hydra (4)]
 12676 | Lair:2   | HP: 1/89 [six-headed hydra (3)]
 12680 | Lair:2   | Killed a six-headed hydra
 12682 | Lair:2   | HP: 2/89 [electric eel/bolt of electricity (9)]
 13158 | Lair:2   | Reached skill level 10 in Spellcasting
 13475 | Lair:2   | Noticed a five-headed hydra
 13488 | Lair:2   | Killed a five-headed hydra
 13849 | Lair:2   | Found a staircase to the Swamp.
 14423 | Lair:2   | Reached skill level 10 in Fire Magic
 14493 | Lair:2   | Identified the +9 battleaxe of Dogeug {chop, rC++ Str-5} (You found it on level 2 of the Lair of Beasts)
 14810 | Lair:3   | Reached XP level 12. HP: 73/97 MP: 18/26
 15028 | Lair:3   | Reached skill level 10 in Conjurations
 15293 | Lair:3   | Reached **** piety under Vehumet
 15339 | Lair:3   | Offered knowledge of Yara's Violent Unravelling by Vehumet.
 16016 | Lair:3   | Found a hole to the Spider Nest.
 16585 | Lair:4   | Noticed an alligator
 16593 | Lair:4   | Killed an alligator
 16964 | Lair:4   | Reached skill level 5 in Dodging
 17130 | Lair:4   | Identified a scroll of acquirement
 17130 | Lair:4   | Identified the Incunabulum of Excruciating Talismans (You acquired it on level 4 of the Lair of Beasts)
 17140 | Lair:4   | Learned a level 7 spell: Ring of Flames
 17360 | Lair:4   | Noticed an alligator
 17372 | Lair:4   | Killed an alligator
 18216 | Lair:5   | Noticed a seven-headed hydra
 18225 | Lair:5   | Killed a seven-headed hydra
 19370 | Lair:6   | Entered Level 6 of the Lair of Beasts
 19376 | Lair:6   | Killed a death yak
 19379 | Lair:6   | Killed a death yak
 19389 | Lair:6   | Killed a death yak
 19396 | Lair:6   | Reached XP level 13. HP: 107/107 MP: 19/28
 20349 | Lair:6   | Reached ***** piety under Vehumet
 21688 | Lair:6   | Found a viscous altar of Jiyva.
 21688 | Lair:6   | Found a staircase to the Slime Pits.
 21978 | Lair:5   | Slain by a death yak

Skill      XL: |  1  2  3  4  5  6  7  8  9 10 11 12 13 |
---------------+----------------------------------------+-----
Dodging        | 2 3 5 6 |  6.9
Stealth        | 2 |  2.0
Fire Magic     | 4 5 6 8 9 10 | 10.9
Spellcasting   | 3 4 5 6 8 9 10 11 | 11.7
Conjurations   | 2 3 5 6 8 9 11 | 11.6
Polearms       | 3 4 5 |  5.3
Fighting       | 3 5 6 7 8 |  8.2
Poison Magic   | 2 |  2.1
Unarmed Combat | |  0.1

Action                   |  1- 3 |  4- 6 |  7- 9 | 10-12 | 13-15 || total
-------------------------+-------+-------+-------+-------+-------++-------
Melee: Unarmed           |     8 |       |       |       |       ||     8
       Tailslap          |     7 |    16 |    36 |    30 |    16 ||   105
       Spear             |    59 |   213 |   389 |   329 |   132 ||  1122
       Dagger            |     7 |       |       |       |       ||     7
       Punch             |       |       |       |     1 |       ||     1
 Cast: Flame Tongue      |    25 |    37 |    73 |   194 |    50 ||   379
       Conjure Flame     |       |     1 |       |       |       ||     1
       Sticky Flame      |       |     7 |    18 |   104 |    36 ||   165
       Fireball          |       |       |     6 |    30 |    10 ||    46
       Mephitic Cloud    |       |       |     8 |    21 |    19 ||    48
       Blink             |       |       |       |     2 |     1 ||     3
 Abil: Fly               |       |     1 |       |       |       ||     1
       Breathe Noxious F |       |       |     1 |     6 |     2 ||     9
Evoke: Wand              |       |       |       |     6 |       ||     6
  Use: Scroll            |     5 |     6 |     3 |    11 |       ||    25
       Potion            |     2 |     8 |     2 |     4 |       ||    16
 Stab: Sleeping          |     4 |     5 |     4 |     2 |       ||    15
       Confused          |       |       |       |     7 |    10 ||    17
  Eat: Chunk             |     1 |    10 |    13 |    26 |     7 ||    57
       Ration            |       |     1 |     3 |     6 |     1 ||    11
Armor: Skin              |    16 |    55 |   106 |    87 |    32 ||   296
Dodge: Dodged            |    35 |   141 |   208 |   186 |    97 ||   667
Block: Other             |     8 |    30 |    39 |    37 |    11 ||   125
       Reflection        |       |     1 |     3 |     1 |       ||     5
